 Dungeon Crawl Stone Soup version 0.25-a0-263-g9d16a9d099 (webtiles) character file.

Game seed: 164107043779166708, levelgen mode: deterministic

1589381 RedPan the Apostle (level 27, 268/268 HPs)
             Began as a Hill Orc Monk on Dec 6, 2019.
             Was a High Priest of Beogh.
             Escaped with the Orb
             ... and 3 runes on Dec 7, 2019!
             The game lasted 05:25:02 (77783 turns).

RedPan the Apostle (Hill Orc Monk)                 Turns: 77783, Time: 05:25:03

Health: 268/268    AC: 43    Str: 29 (30) XL:     27
Magic:  40/40      EV: 11    Int: 17 (18) God:    Beogh [*****.]
Gold:   4308       SH: 27    Dex: 11 (14) Spells: 26/26 levels left

rFire    + + .     SeeInvis +   R - +9 broad axe (freeze)
rCold    + + .     Gourm    .   b - +2 large shield
rNeg     + . .     Faith    .   f - +9 gold dragon scales
rPois    +         Spirit   .   V - +0 hat "Fablowud" {Regen+ Str+2 Slay+5}
rElec    +         Reflect  .   n - +2 cloak {+Inv}
rCorr    .         Harm     .   s - -2 pair of gloves of Qidwemid {+Inv rElec rN+}
MR       +++..                  H - +2 pair of boots
Stlth    ..........             J - amulet "Elixzoru" {*Contam +Rage +Fly rPois SInv}
HPRegen  0.94/turn              v - ring of the Octopus King {rC+ AC+1 EV+1 Str+1 Int+1 Dex+1}
MPRegen  0.27/turn              a - ring "Qut Jyu" {rF+ Str+2 Int+7}

@: lightly drained
A: walk on water, horns 1, see invisible, deterioration 1, magic resistance 1,
weak 1, evolution 1
0: Orb of Zot
}: 3/15 runes: decaying, silver, gossamer
a: Smiting, Recall Orcish Followers, Give Item to Named Follower, Renounce
Religion, Evoke Berserk Rage, Evoke Invisibility, Evoke Flight


You escaped.
You worshipped Beogh.
Beogh was extremely pleased with you.
You were full.

You visited 8 branches of the dungeon, and saw 46 of its levels.
You visited the Abyss 2 times.
You visited 1 bazaar.
You also visited: Ossuary and Gauntlet.

You collected 6499 gold pieces.
You spent 2191 gold pieces at shops.

Inventory:

Hand Weapons
 x - the +7 great sword of the Fool {speed, Stlth+}
   (You found it on level 13 of the Dungeon)

   Attacks with this weapon are significantly faster.
   It makes you more stealthy.
 Q - a +1 demon trident of venom
 R - a +9 broad axe of freezing (weapon)
Armour
 b - a +2 large shield (worn)
 f - +9 gold dragon scales (worn)
 n - a +2 cloak of invisibility (worn)
 s - the -2 pair of gloves of Qidwemid (worn) {+Inv rElec rN+}
   (You acquired it on level 5 of the Realm of Zot)

   It insulates you from electricity.
   It protects you from negative energy.
   It lets you turn invisible.
 H - a +2 pair of boots (worn)
 V - the +0 hat "Fablowud" (worn) {Regen+ Str+2 Slay+5}
   (You acquired it in a Gauntlet)

   It affects your strength (+2).
   It affects your accuracy and damage with ranged weapons and melee attacks
   (+5).
   It increases your rate of regeneration.
 W - a +2 pair of gloves of strength
Jewellery
 a - the ring "Qut Jyu" (right hand) {rF+ Str+2 Int+7}
   (You bought it in a shop in a bazaar)

   [ring of protection from fire]

   It affects your strength (+2).
   It affects your intelligence (+7).
   It protects you from fire.
 m - the amulet "Quzainn" {Acrobat Fragile rPois Dex+3 SInv}
   (You took it off a yaktaur on level 4 of the Vaults)

   [amulet of the acrobat]

   It helps you evade while moving and waiting.
   It affects your dexterity (+3).
   It protects you from poison.
   It lets you see invisible.
   It will be destroyed if unequipped.
 v - a ring of the Octopus King (left hand) {rC+ AC+1 EV+1 Str+1 Int+1 Dex+1}
   (You found it on level 5 of the Vaults)

   [ring of protection from cold]

   It affects your AC (+1).
   It affects your evasion (+1).
   It affects your strength (+1).
   It affects your intelligence (+1).
   It affects your dexterity (+1).
   It protects you from cold.
 J - the amulet "Elixzoru" (around neck) {*Contam +Rage +Fly rPois SInv}
   (You bought it in a shop in a bazaar)

   [amulet of rage]

   It protects you from poison.
   It lets you see invisible.
   It lets you fly.
   It lets you go berserk.
   It causes magical contamination when unequipped.
 M - an uncursed ring of positive energy
 O - an uncursed ring of protection from fire
 P - the ring "Lybruf" {MR+ Stlth-}
   (You took it off a deep elf high priest on level 5 of the Vaults)

   [ring of attention]

   It affects your resistance to hostile enchantments.
   It makes you less stealthy.
 Y - the ring "Xaexty" {*Slow MR+++ EV+5 Str+3 Stlth+}
   (You found it in a Gauntlet)

   [ring of evasion]

   It affects your evasion (+5).
   It affects your strength (+3).
   It affects your resistance to hostile enchantments.
   It may slow you when you take damage.
   It makes you more stealthy.
Wands
 j - a wand of paralysis (39)
 l - a wand of acid (59)
 B - a wand of enslavement (4)
 L - a wand of digging (16)
 Z - a wand of disintegration (37)
Scrolls
 d - 21 scrolls of remove curse
 e - 16 scrolls of teleportation
 q - 6 scrolls of blinking
 t - 3 scrolls of holy word
 y - 11 scrolls of amnesia
 z - a scroll of torment
 A - a scroll of fog
 D - 22 scrolls of identify
 E - a scroll of enchant armour
 K - 9 scrolls of fear
 N - 6 scrolls of magic mapping
Potions
 g - 5 potions of flight
 h - 5 potions of agility
 i - 4 potions of magic
 k - a potion of mutation
 o - 13 potions of brilliance
 p - 8 potions of lignification
 r - 12 potions of curing
 u - 2 potions of resistance
 w - a potion of heal wounds
 C - a potion of berserk rage
 F - a potion of invisibility
 G - 3 potions of cancellation
 S - 3 potions of might
 U - a potion of ambrosia
Comestibles
 c - 51 rations


   Skills:
 + Level 25.7 Fighting
 - Level 18.0(17.9) Axes
 + Level 23.9 Armour
 - Level 8.0(7.9) Dodging
 - Level 1.5 Stealth
 + Level 23.1(23.0) Shields
 O Level 27(26.9) Invocations


You had 26 spell levels left.
You didn't know any spells.
Your spell library contained the following spells:

 Spells                   Type           Power        Failure   Level  Hunger
 Beastly Appendage        Tmut           #.....       92%         1    ##.....
 Corona                   Hex            #......      92%         1    ##.....
 Foxfire                  Conj/Fire      #...         92%         1    ##.....
 Freeze                   Ice            #...         92%         1    ##.....
 Infusion                 Chrm           #...         92%         1    ##.....
 Magic Dart               Conj           #...         92%         1    ##.....
 Sandblast                Erth           #.....       92%         1    ##.....
 Sting                    Tmut/Pois      #...         92%         1    ##.....
 Blink                    Tloc           N/A          98%         2    ###....
 Corpse Rot               Necr/Air       N/A          98%         2    ###....
 Ensorcelled Hibernation  Hex/Ice        #.....       98%         2    ###....
 Passwall                 Tmut/Erth      #.......     98%         2    ###....
 Poisonous Vapours        Pois/Air       #.....       98%         2    ###....
 Searing Ray              Conj           #.....       98%         2    ###....
 Shroud of Golubria       Chrm/Tloc      #.....       98%         2    ###....
 Slow                     Hex            #.......     98%         2    ###....
 Song of Slaying          Chrm           #.......     98%         2    ###....
 Sticks to Snakes         Tmut           #.......     98%         2    ###....
 Sublimation of Blood     Necr           #.........   98%         2    ###....
 Confuse                  Hex            #.......     100%        3    ####...
 Dazzling Flash           Conj/Hex       #.....       100%        3    ####...
 Gell's Gravitas          Tloc           #.........   100%        3    ####...
 Ignite Poison            Fire/Tmut/Pois #.......     100%        3    ####...
 Inner Flame              Hex/Fire       #.......     100%        3    ####...
 Lesser Beckoning         Tloc           #.........   100%        3    ####...
 Mephitic Cloud           Conj/Pois/Air  #.......     100%        3    ####...
 Portal Projectile        Hex/Tloc       #.....       100%        3    ####...
 Recall                   Summ/Tloc      N/A          100%        3    ####...
 Regeneration             Chrm/Necr      #.........   100%        3    ####...
 Spectral Weapon          Hex/Chrm       #.......     100%        3    ####...
 Spider Form              Tmut/Pois      #.........   100%        3    ####...
 Static Discharge         Conj/Air       #.......     100%        3    ####...
 Stone Arrow              Conj/Erth      #.....       100%        3    ####...
 Teleport Other           Tloc           #.......     100%        3    ####...
 Tukima's Dance           Hex            #.......     100%        3    ####...
 Cause Fear               Hex            #.........   100%        4    #####..
 Fulminant Prism          Conj/Hex       #.........   100%        4    #####..
 Ice Form                 Ice/Tmut       #.......     100%        4    #####..
 Iskenderun's Mystic Bla  Conj/Tloc      #.......     100%        4    #####..
 Leda's Liquefaction      Hex/Erth       #.........   100%        4    #####..
 Petrify                  Tmut/Erth      #.......     100%        4    #####..
 Summon Ice Beast         Ice/Summ       #.......     100%        4    #####..
 Agony                    Necr           #.......     100%        5    ######.
 Alistair's Intoxication  Tmut/Pois      #.......     100%        5    ######.
 Aura of Abjuration       Summ           #.........   100%        5    ######.
 Blade Hands              Tmut           #.........   100%        5    ######.
 Bolt of Magma            Conj/Fire/Erth #.........   100%        5    ######.
 Borgnjor's Vile Clutch   Necr/Erth      #.........   100%        5    ######.
 Dispel Undead            Necr           #.......     100%        5    ######.
 Excruciating Wounds      Chrm/Necr      #.........   100%        5    ######.
 Fireball                 Conj/Fire      #.........   100%        5    ######.
 Iskenderun's Battlesphe  Conj/Chrm      #.......     100%        5    ######.
 Lee's Rapid Deconstruct  Erth           #.........   100%        5    ######.
 Metabolic Englaciation   Hex/Ice        #.........   100%        5    ######.
 Silence                  Hex/Air        #.........   100%        5    ######.
 Summon Demon             Summ           #.........   100%        5    ######.
 Summon Forest            Summ/Tloc      #.........   100%        5    ######.
 Summon Mana Viper        Hex/Summ       #.......     100%        5    ######.
 Darkness                 Hex            #.........   100%        6    #######
 Dispersal                Tloc           #.........   100%        6    #######
 Eringya's Noxious Bog    Tmut/Pois      #.........   100%        6    #######
 Freezing Cloud           Conj/Ice/Air   #.........   100%        6    #######
 Hydra Form               Tmut           #.........   100%        6    #######
 Iron Shot                Conj/Erth      #.........   100%        6    #######
 Ozocubu's Refrigeration  Ice            #.........   100%        6    #######
 Shadow Creatures         Summ           N/A          100%        6    #######
 Simulacrum               Ice/Necr       #.........   100%        6    #######
 Dragon Form              Tmut           #.........   100%        7    #######
 Orb of Destruction       Conj           #.........   100%        7    #######
 Spellforged Servitor     Conj/Summ      #.........   100%        7    #######
 Summon Hydra             Summ           #.........   100%        7    #######
 Controlled Blink         Tloc           N/A          100%        8    #######
 Disjunction              Tloc           #.........   100%        8    #######
 Dragon's Call            Summ           #.........   100%        9    #######
 Passage of Golubria      Tloc           Unusable     N/A         4    N/A

Dungeon Overview and Level Annotations

Branches:
Dungeon (15/15)            Temple (0/1) D:5            Lair (6/6) D:10
  Swamp (4/4) Lair:4       Spider (4/4) Lair:4          Orc (2/2) D:9
    Elf (0/3) Orc:2        Vaults (5/5) D:14          Crypt (0/3) Vaults:3
 Depths (5/5) D:15            Zot (5/5) Depths:5    Ossuary (visited)
Gauntlet (visited)
  Slime: Lair:5-6

Altars:
Ashenzari
Dithmenos
Elyvilon
Kikubaaqudgha
Nemelex Xobeh
Okawaru
Qazlal
Ru
Trog
Vehumet
Wu Jian
Xom
The Shining One

Shops:
D:4 }   D:8 *   D:9 [(   Orc:2 }!(??   Depths:4 (   Depths:5 *

Portals:
Hell: Depths:1 Depths:2 Depths:3 Depths:4 Depths:5
Abyss: Depths:3 Depths:4
Pandemonium: Orc:2 Depths:2 Depths:3 Depths:5
Ziggurat: Depths:4
Trove: D:11 (give 7 scrolls of blinking)

Annotations:
D:9 exclusion: 2 oklob saplings
Lair:4 1 runed translucent door
Spider:1 3 runed translucent doors, endorz's ghost, journeyman TrFi
Depths:3 exclusion: 2 ice statues
Zot:3 1 runed translucent door, Apoo's ghost, legendary DsEn
Zot:4 2 transporters, Fuumyal's ghost, legendary DsEn


Innate Abilities, Weirdness & Mutations

You can walk on water.
You have a pair of small horns on your head.
You have supernaturally acute eyesight. (SInv)
Your body sometimes deteriorates upon taking damage.
You are resistant to hostile enchantments. (MR+)
You are weak. (Str -2)
You evolve.


Message History

A blizzard demon comes into view.
The blizzard demon moves out of view.
You swap places.
You slice the blizzard demon!! You freeze the blizzard demon.
The blizzard demon is moderately wounded.
Bogward hits the blizzard demon from afar with a +4 demon trident!!
You slash the blizzard demon!
Your headbutt misses the blizzard demon.
The blizzard demon is severely wounded.
You block the blizzard demon's attack. x2
You closely miss the blizzard demon.
You headbutt the blizzard demon, but do no damage.
The blizzard demon is severely wounded.
Bogward hits the blizzard demon from afar with a +4 demon trident!!
The blizzard demon dies!
Beogh accepts your kill.
You swap places.
There is an open door here.
There is a staircase leading out of the dungeon here.
You have escaped!

#...............#.##.....
#.#############.#...#####
#.#......o....#.#...#
###.#.####.####.#.....#
#...#.#.......#.#.#.###
#.#.#[#.#####.#.#.#.# ####
#.#.#.#.#...#.#.#.#.#######
...####.#.#.#.#...#.#.#o#.##.....
........#.'.#.#.@o..#.'.#........
...##.###.#.#.#...#.#.#.#..).....
#####.# #.#.#.#...#.#.#.##...####
#.###.#.#.#####.#.#.#....####
#...#.#.#......(#.#...##.#...
#.#...#.####.####.#.####.#.##
#.###.#...........#.# #.#.#. #.#
#.#############.# #.#...
##.###...............# #.#...


You could see the friendly Bogward the orc warlord.

Vanquished Creatures
  7 orbs of fire
  Mara (Depths:2)
  3 ancient liches
  A juggernaut (Depths:5)
  Boris (Vaults:2)
  2 caustic shrikes (Depths:5)
  Frederick (Vaults:4)
  A Killer Klown (Zot:5)
  5 golden dragons
  2 curse toes
  A profane servitor (Depths:1)
  the Enchantress (Depths:2)
  2 electric golems (Zot:5)
  A lich (Depths:2)
  An Ice Fiend (Depths:3)
  Asterion (Vaults:1)
  16 tentacled monstrosities
  A Hell Sentinel (Depths:1)
  16 Orb Guardians
  2 quicksilver dragons (Zot:3)
  2 Executioners (Depths:1)
  An ancient champion (Vaults:4)
  2 death cobs
  A kraken (Abyss:5)
  3 sphinxes
  4 thorn hunters
  Frances (Spider:1)
  4 draconian monks
  2 tengu reavers (Vaults:5)
  5 shadow dragons
  2 storm dragons
  An iron dragon (Vaults:5)
  Roxanne (Swamp:3)
  Louise (Depths:4)
  A fire giant (Depths:1)
  5 draconian knights
  A frost giant (Depths:4)
  2 deep elf sorcerers
  A draconian scorcher (Zot:2)
  7 ghost moths
  A draconian annihilator (Zot:1)
  13 vault wardens
  2 emperor scorpions (Spider:2)
  10 ironheart preservers
  5 draconian shifters
  3 draconian stormcallers
  2 spriggan defenders
  A deep elf elementalist (Vaults:4)
  A ghoul (Vaults:1)
  A reaper (Depths:1)
  11 very ugly things
  2 war gargoyles
  13 stone giants
  Nessos (D:13)
  2 vampire knights (Depths:2)
  12 green draconians
  2 deep elf demonologists
  12 black draconians
  4 entropy weavers
  7 white draconians
  7 spark wasps
  A deep elf annihilator (Vaults:4)
  11 red draconians
  A minotaur (Gauntlet)
  11 yellow draconians
  7 purple draconians
  10 ettins
  2 lorocyprocas
  3 blizzard demons
  An eidolon (Vaults:3)
  A mummy priest (Depths:4)
  10 fire dragons
  A jiangshi (Depths:1)
  5 great orbs of eyes
  10 yaktaur captains
  A deep elf high priest (Vaults:5)
  6 ice dragons
  8 rakshasas
  14 hydras
  2 shambling mangroves
  12 vault guards
  3 death knights
  5 ghost crabs
  A hell beast (Depths:3)
  A spriggan air mage (Depths:2)
  A catoblepas (D:15)
  9 centaur warriors
  15 alligators
  5 deep troll shamans
  20 two-headed ogres
  4 tengu warriors
  7 ogre magi
  2 death yaks (Lair:6)
  2 vampire magi (Depths:1)
  7 deep troll earth magi
  3 spriggan berserkers
  3 thrashing horrors (Abyss:5)
  A sun demon (Depths:4)
  6 deep elf knights
  9 hell knights
  3 shadow wraiths
  A wretched star (Abyss:5)
  A salamander mystic (Depths:4)
  A fire crab (shapeshifter) (Vaults:5)
  6 skeletal warriors
  An iron troll (Depths:3)
  A shadow demon (Depths:2)
  4 unseen horrors
  4 glowing orange brains
  2 torturous demonspawn (Orc:2)
  2 flayed ghosts
  A spriggan druid (Swamp:4)
  2 deep trolls (shapeshifter)
  A swamp dragon (shapeshifter) (Gauntlet)
  19 deep trolls
  7 large abominations
  3 deep elf archers
  12 swamp dragons
  Pikel (D:6)
  An orange crystal statue (Vaults:4)
  4 wizards
  An infernal demonspawn (Orc:2)
  3 necromancers
  3 phantasmal warriors
  14 ironbrand convokers
  3 orc knights
  2 lindwurms (shapeshifter) (Vaults:5)
  3 manticores
  28 ugly things
  11 deep elf magi
  17 orb spiders
  8 cyclopes
  A wolf spider (shapeshifter) (Depths:1)
  4 oklob plants
  43 wolf spiders
  2 orc sorcerers (Orc:2)
  30 slime creatures
  2 salamanders (Depths:4)
  A toenail golem (Depths:1)
  16 moths of wrath
  A black mamba (shapeshifter) (Gauntlet)
  4 black mambas
  2 apocalypse crabs (Abyss:5)
  A gargoyle (D:13)
  A rust devil (Zot:4)
  10 vault sentinels
  An elephant (Lair:6)
  5 torpor snails
  10 spiny frogs
  A kobold demonologist (D:13)
  2 hellions
  A rime drake (Lair:6)
  38 yaktaurs
  5 komodo dragons
  9 demonic crawlers
  6 freezing wraiths
  A tormentor (Depths:1)
  A red devil (Depths:5)
  A guardian mummy (Depths:4)
  5 trolls
  A polar bear (Depths:3)
  13 tyrant leeches
  31 jumping spiders
  A silent spectre (Abyss:5)
  A shadow dragon simulacrum (Depths:3)
  20 hornets
  A hornet (shapeshifter) (Depths:2)
  A raiju (shapeshifter) (Vaults:1)
  4 raiju (Abyss:5)
  8 dream sheep (Lair:6)
  A wind drake (shapeshifter) (Depths:3)
  An ice dragon zombie (Abyss:5)
  3 blink frogs
  13 bog bodies
  8 hippogriffs
  2 meliai zombies
  95 redbacks
  12 spriggans
  4 wraiths
  A redback (shapeshifter) (Vaults:1)
  A tarantella (shapeshifter) (Vaults:1)
  Sigmund (D:3)
  A shadow (Vaults:3)
  4 vampires
  13 humans (D:14)
  A wyvern (Lair:5)
  A ynoxinul (Abyss:5)
  28 tarantellas
  The ghost of astraldaughter the Ogre Mage, an amateur OgFE (D:3)
  3 water elementals
  A yak (shapeshifter) (D:14)
  A basilisk (Lair:4)
  23 yaks
  2 hungry ghosts
  2 chaos spawn
  3 neqoxecs
  A warg (Vaults:1)
  24 vampire mosquitoes
  6 insubstantial wisps (Swamp:4)
  20 swamp worms
  A soldier ant (D:15)
  2 acid dragons
  A warg (shapeshifter) (Gauntlet)
  8 water moccasins
  2 hell hounds
  5 porcupines
  A black bear (shapeshifter) (Vaults:2)
  6 ice beasts
  A phantom (D:10)
  A sky beast (shapeshifter) (D:8)
  5 black bears
  2 eyes of draining
  11 swamp drakes
  12 orc warriors
  4 sky beasts
  A necrophage (D:13)
  A slave (D:6)
  3 boggarts (Lair:6)
  28 ogres
  14 wolves
  9 centaurs
  8 crocodiles
  A big kobold (D:12)
  An elf zombie (Ossuary)
  5 earth elementals
  A gnoll sergeant (D:8)
  16 bullfrogs
  2 wyvern skeletons
  A scorpion (D:5)
  A human simulacrum (Vaults:1)
  11 killer bees
  3 wights (D:15)
  7 electric eels
  7 howler monkeys
  3 bullfrog zombies
  5 crimson imps
  3 centaur zombies
  A small abomination (Abyss:2)
  5 jellies
  4 hounds
  2 quasits
  A human zombie (Ossuary)
  3 orc priests
  A bullfrog skeleton (D:4)
  8 orc wizards
  7 centaur skeletons
  Ijyb (D:3)
  2 iguanas
  9 worker ants
  3 big kobold zombies (Ossuary)
  A hound skeleton (D:4)
  2 mummies (Ossuary)
  14 gnolls
  20 adders
  A howler monkey skeleton (D:4)
  3 shadow imps
  3 oozes
  2 adder skeletons
  2 worms (D:3)
  2 dart slugs
  5 leopard geckos
  15 orcs
  6 giant cockroaches
  4 goblins
  10 hobgoblins
  22 jackals
  10 quokkas
  6 ball pythons (D:9)
  7 bats
  3 frilled lizards
  3 goblin zombies (Ossuary)
  12 hobgoblin zombies (Ossuary)
  A jackal zombie (Ossuary)
  9 kobolds
  9 kobold zombies (Ossuary)
  5 orc zombies (Ossuary)
  2 quokka skeletons
  A quokka zombie (D:7)
  3 rats
  A rat zombie (Ossuary)
  29 briar patches
  A demonic plant (Gauntlet)
  4 fungi
  A lurking horror (Abyss:5)
  2 plants
  3 tentacles (Abyss:5)
1642 creatures vanquished.

Vanquished Creatures (collateral kills)
  3 pandemonium lords
  A seraph (Depths:1)
  2 orbs of fire (Zot:5)
  An ancient lich (Zot:4)
  3 Killer Klowns (Zot:5)
  the Lernaean hydra (Swamp:4)
  A curse toe (Zot:2)
  2 caustic shrikes (Depths:5)
  Jory (Depths:5)
  11 golden dragons
  Arachne (Spider:4)
  An electric golem (Zot:5)
  A bone dragon (Depths:4)
  Rupert (Vaults:4)
  A Hell Sentinel (D:2)
  4 tentacled monstrosities
  9 Orb Guardians
  2 liches
  3 quicksilver dragons
  A titan (Vaults:5)
  4 death cobs
  3 sphinxes (Vaults:5)
  3 azure jellies (Depths:4)
  A thorn hunter (Swamp:4)
  An ancient champion (Vaults:4)
  A warmonger (Depths:1)
  2 daevas
  8 storm dragons
  2 tengu reavers
  Agnes (Vaults:4)
  9 shadow dragons
  7 draconian monks
  2 ghost moths (Spider:4)
  3 frost giants
  An iron dragon (Vaults:5)
  4 vault wardens
  10 draconian scorchers
  4 fire giants
  3 draconian knights
  2 emperor scorpions (Spider:4)
  A deep elf sorcerer (Vaults:4)
  3 spriggan defenders (Depths:2)
  5 draconian shifters
  3 draconian stormcallers
  An angel (Depths:2)
  6 ironheart preservers
  2 draconian annihilators
  2 war gargoyles
  A reaper (Depths:4)
  12 very ugly things
  10 stone giants
  4 entropy weavers
  11 green draconians
  8 black draconians
  A deep elf demonologist (Vaults:1)
  8 purple draconians
  8 red draconians
  4 yellow draconians
  2 deep elf annihilators
  2 white draconians
  A blizzard demon (D:1)
  2 spark wasps (Depths:3)
  6 ettins
  An eidolon (Vaults:3)
  2 jiangshi (Depths:1)
  2 ogre magi
  3 fire dragons
  14 yaktaur captains
  2 deep elf high priests
  A great orb of eyes (Vaults:1)
  A rakshasa (Vaults:3)
  7 hydras
  11 ice dragons
  26 vault guards
  3 centaur warriors
  A catoblepas (Lair:5)
  A monstrous demonspawn (Depths:1)
  A spriggan air mage (Depths:4)
  A dancing weapon (Depths:4)
  2 alligators
  10 two-headed ogres
  A deep troll earth mage (Depths:4)
  A deep troll shaman (Depths:4)
  A death knight (D:14)
  A spriggan berserker (Depths:4)
  2 orc high priests (Orc:2)
  A tengu warrior (Depths:4)
  A deep elf knight (Vaults:5)
  2 sun demons (Depths:4)
  4 hell knights
  A skeletal warrior (Depths:4)
  2 unseen horrors
  9 deep trolls
  An iron troll (Depths:4)
  A cherub (Depths:1)
  2 swamp dragons
  2 wizards
  A lindwurm (Lair:5)
  6 phantasmal warriors
  An infernal demonspawn (Orc:2)
  10 orb spiders
  7 ironbrand convokers
  8 orc knights
  4 deep elf magi
  9 wolf spiders
  10 ugly things
  A large abomination (Depths:1)
  6 orc sorcerers
  2 manticores
  A salamander (shapeshifter) (Depths:2)
  2 elephants (Lair:6)
  6 moths of wrath
  A black mamba (shapeshifter) (Vaults:5)
  7 vault sentinels
  A rust devil (Depths:1)
  An elephant (shapeshifter) (Vaults:4)
  A smoke demon (Depths:1)
  An orange demon (Zot:2)
  A gargoyle (D:14)
  5 spiny frogs
  A redback zombie (D:14)
  2 rime drakes (Lair:6)
  An entropy weaver simulacrum (Vaults:1)
  A tormentor (Depths:5)
  3 freezing wraiths
  A rime drake (shapeshifter) (Vaults:1)
  3 komodo dragons
  14 yaktaurs
  A guardian mummy (Depths:4)
  3 red devils
  A komodo dragon (shapeshifter) (Vaults:1)
  2 ice devils (Depths:3)
  A queen bee (shapeshifter) (Depths:5)
  A demonic crawler (Spider:3)
  3 polar bears
  A jumping spider (shapeshifter) (Vaults:2)
  A tyrant leech (Swamp:3)
  2 trolls
  13 jumping spiders
  4 hippogriffs
  5 hornets
  8 blink frogs
  A bog body (Swamp:4)
  3 slime creatures
  A ynoxinul (Orc:2)
  A shadow (D:13)
  3 water elementals (Depths:1)
  6 spriggans
  2 wraiths
  17 redbacks
  A fire elemental (Depths:4)
  2 wyverns
  14 yaks
  A tarantella (Spider:4)
  2 basilisks
  A basilisk (shapeshifter) (Vaults:3)
  6 humans (D:14)
  A golden eye (shapeshifter) (Depths:1)
  3 vampire mosquitoes
  4 wargs
  2 swamp worms
  A soldier ant (D:11)
  An acid dragon (Vaults:1)
  3 hell hounds (Depths:1)
  2 porcupines (D:10)
  6 water moccasins
  2 black bears
  2 swamp drakes (Swamp:4)
  A slave (D:6)
  An eye of draining (D:11)
  9 ice beasts
  9 orc warriors
  20 wolves
  2 boggarts (Lair:6)
  9 ogres
  9 crocodiles
  7 centaurs
  5 bullfrogs
  A scorpion (D:6)
  A wyvern skeleton (D:14)
  2 killer bees
  2 wights (D:15)
  2 centaur zombies
  4 crimson imps
  A jelly (D:11)
  A quasit (D:11)
  4 orc priests
  A hound (D:12)
  An iguana (D:7)
  4 orc wizards
  A centaur skeleton (D:7)
  2 mummies (Depths:4)
  4 adders
  7 gnolls
  A shadow imp (D:7)
  A white imp (Vaults:4)
  An ooze (D:7)
  8 orcs
  2 jackals (D:7)
  A jackal zombie (D:8)
  2 briar patches (Swamp:4)
  16 fungi
  5 plants
744 creatures vanquished.

Vanquished Creatures (others)
  11 orc warlords
  A draconian scorcher (Zot:2)
  A draconian stormcaller (Zot:1)
  A green draconian (Zot:5)
  2 orc sorcerers
  5 orc high priests
  27 orc knights
  An orb spider (Spider:2)
  An elephant (Vaults:2)
  A spiny frog (Swamp:3)
  26 orc priests
  A hornet (Swamp:2)
  A slime creature (Depths:4)
  A water elemental (Depths:1)
  A swamp worm (Swamp:3)
  21 orc warriors
  12 orc wizards
  3 jellies (Depths:4)
  An adder (D:4)
  49 orcs
  4 briar patches (Swamp:4)
  5 bushes
  A demonic plant (Gauntlet)
  28 fungi
  39 plants
  3 tentacles (Abyss:5)
247 creatures vanquished.

Grand Total: 2633 creatures vanquished

Notes
Turn   | Place    | Note
-------+----------+-------------------------------------------
     0 | D:1      | RedPan the Hill Orc Monk began the quest for the Orb.
     0 | D:1      | Reached XP level 1. HP: 19/19 MP: 1/1
   375 | D:1      | Reached XP level 2. HP: 26/27 MP: 2/2
   539 | D:1      | Reached skill level 1 in Armour
   680 | D:1      | Reached XP level 3. HP: 28/33 MP: 3/3
   868 | D:1      | Reached skill level 5 in Axes
  1508 | D:2      | Reached XP level 4. HP: 34/40 MP: 4/4
  2186 | D:3      | Reached XP level 5. HP: 45/47 MP: 5/5
  2403 | D:3      | Noticed Ijyb
  2414 | D:3      | Killed Ijyb
  2970 | D:3      | Found a runed translucent door.
  2977 | D:3      | Noticed Sigmund
  2994 | D:3      | Killed Sigmund
  2994 | D:3      | Reached skill level 5 in Fighting
  2994 | D:3      | Reached XP level 6. HP: 36/56 MP: 6/6
  3103 | D:3      | Noticed astraldaughter's ghost (amateur OgFE)
  3146 | D:3      | Killed astraldaughter's ghost
  3146 | D:3      | Reached XP level 7. HP: 23/62 MP: 7/7
  3986 | D:4      | Found a shadowy altar of Dithmenos.
  4129 | D:4      | Became a worshipper of Beogh the Brigand
  4129 | D:4      | Reached * piety under Beogh
  4129 | D:4      | Reached ** piety under Beogh
  4369 | D:4      | Found Dyilylau's Gadget Boutique.
  4942 | D:4      | Found a radiant altar of Vehumet.
  4983 | D:5      | Entered Level 5 of the Dungeon
  5039 | D:5      | Found a staircase to the Ecumenical Temple.
  5063 | D:5      | Found a sand-covered staircase.
  5066 | D:5      | Reached XP level 8. HP: 71/71 MP: 8/8
  5082 | Ossuary  | Entered an ossuary
  5216 | Ossuary  | Reached skill level 1 in Invocations
  5221 | Ossuary  | Reached *** piety under Beogh
  5452 | D:5      | Reached skill level 2 in Invocations
  5461 | D:5      | Reached skill level 5 in Armour
  5611 | D:5      | Found a bloodstained altar of Trog.
  5969 | D:6      | Reached skill level 10 in Axes
  6121 | D:6      | Reached skill level 3 in Invocations
  6352 | D:6      | Noticed Pikel
  6366 | D:6      | Killed Pikel
  6366 | D:6      | Reached skill level 4 in Invocations
  6366 | D:6      | Reached XP level 9. HP: 31/79 MP: 10/12
  7036 | D:6      | Found a shattered altar of Ashenzari.
  7338 | D:7      | Reached skill level 5 in Invocations
  7903 | D:8      | Found a stormy altar of Qazlal.
  7903 | D:8      | Found a shimmering altar of Xom.
  7935 | D:8      | Noticed a spiny frog
  7936 | D:8      | Noticed a five-headed hydra
  8000 | D:8      | Reached skill level 6 in Invocations
  8000 | D:8      | Reached XP level 10. HP: 24/90 MP: 14/14
  8399 | D:8      | Found a glowing golden altar of the Shining One.
  8415 | D:8      | Found Ykhle's Assorted Antiques.
  8420 | D:8      | Bought a bloodstained hand axe for 224 gold pieces
  8420 | D:8      | Identified the +11 hand axe "Tad Pes" {chop, Dex+3} (You
                  | bought it in a shop on level 8 of the Dungeon)
  8571 | D:8      | Reached **** piety under Beogh
  9143 | D:8      | Killed a ten-headed hydra
  9143 | D:8      | Reached skill level 7 in Invocations
  9612 | D:8      | Gained Bolgrim as an ally
  9748 | D:9      | Found an ancient bone altar of Kikubaaqudgha.
  9749 | D:9      | Found an iron altar of Okawaru.
  9749 | D:9      | Found an ornate altar of the Wu Jian Council.
  9750 | D:9      | Found a sparkling altar of Nemelex Xobeh.
  9911 | D:9      | Found Gampism's Weapon Shoppe.
  9913 | D:9      | Found a staircase to the Orcish Mines.
  9929 | D:9      | Found Goapt's Armour Shoppe.
 10411 | D:9      | Noticed a red ugly thing
 10423 | D:9      | Killed a red ugly thing
 10423 | D:9      | Reached skill level 1 in Shields
 10428 | D:9      | Reached skill level 8 in Invocations
 10428 | D:9      | Reached XP level 11. HP: 39/99 MP: 15/17
 10871 | D:9      | Found a stormy altar of Qazlal.
 11089 | D:10     | Entered Level 10 of the Dungeon
 11107 | D:10     | Killed an unseen horror
 11310 | D:10     | Reached skill level 10 in Fighting
 11484 | D:10     | Found a staircase to the Lair.
 12439 | D:11     | Noticed a manticore
 12461 | D:11     | Killed a manticore
 12794 | D:11     | Noticed a purple ugly thing
 12796 | D:11     | Noticed a red ugly thing
 12797 | D:11     | Noticed a cyan ugly thing
 12801 | D:11     | Killed a purple ugly thing
 12801 | D:11     | Gained Morbeogh as an ally
 12808 | D:11     | Killed a cyan ugly thing
 12810 | D:11     | Killed a cyan ugly thing
 12810 | D:11     | Reached skill level 9 in Invocations
 12996 | D:11     | Noticed a cyclops
 13006 | D:11     | Killed a cyclops
 13011 | D:11     | Reached ***** piety under Beogh
 13092 | D:11     | Noticed a red ugly thing
 13103 | D:11     | Reached skill level 15 in Axes
 13105 | D:11     | Killed a red ugly thing
 13287 | D:11     | Found a white marble altar of Elyvilon.
 13774 | D:11     | Found a portal to a secret trove of treasure.
 14003 | Lair:1   | Entered Level 1 of the Lair of Beasts
 14135 | Lair:1   | Gained Bogbrand as an ally
 14248 | Lair:1   | Reached XP level 12. HP: 104/108 MP: 19/19
 16289 | Lair:3   | Reached skill level 5 in Shields
 16289 | Lair:3   | Reached skill level 10 in Invocations
 17554 | Lair:4   | You fall into a shaft and drop 2 floors!
 17554 | Lair:6   | Entered Level 6 of the Lair of Beasts
 17606 | Lair:6   | Reached skill level 10 in Armour
 18235 | Lair:6   | Gained Bogward as an ally
 18472 | Lair:5   | Noticed a catoblepas
 18482 | Lair:5   | Killed a catoblepas
 18592 | Lair:4   | Reached XP level 13. HP: 117/117 MP: 21/21
 18893 | Lair:4   | Reached skill level 11 in Invocations
 19126 | Lair:4   | Found a staircase to the Swamp.
 19186 | Lair:4   | Found a runed translucent door.
 19472 | Lair:4   | Found a hole to the Spider Nest.
 22013 | Lair:6   | Gained Orgrim as an ally
 22537 | Lair:6   | Reached skill level 12 in Invocations
 22639 | Lair:6   | Reached ****** piety under Beogh
 22723 | Lair:6   | Reached XP level 14. HP: 108/127 MP: 23/23
 23355 | Orc:1    | Entered Level 1 of the Orcish Mines
 23589 | Orc:2    | Entered Level 2 of the Orcish Mines
 23596 | Orc:2    | Gained Ognian as an ally
 23645 | Orc:2    | Found Yleireb's Magic Scroll Emporium.
 24010 | Orc:1    | Gained Ognian as an ally
 24427 | Orc:2    | Found a staircase to the Elven Halls.
 24647 | Orc:2    | Found Veangyhe's Magic Scroll Boutique.
 24648 | Orc:2    | Found Uhiguakh's Distillery.
 24658 | Orc:2    | Gained Rocco as an ally
 24674 | Orc:2    | Your ally Ognian died
 24888 | Orc:2    | Gained Spirok as an ally
 24899 | Orc:2    | Your ally Spirok died
 24911 | Orc:2    | Paralysed by an orc sorcerer for 6 turns
 24957 | Orc:2    | Found Deel's Gadget Emporium.
 24957 | Orc:2    | Found Ruguutoa's Antique Weapon Shoppe.
 24958 | Orc:2    | Found a one-way gate leading to the halls of Pandemonium.
 25257 | Orc:2    | Bought a runed broad axe for 119 gold pieces
 25303 | Orc:2    | Bought a scroll of identify for 28 gold pieces
 25303 | Orc:2    | Bought a scroll of identify for 28 gold pieces
 25303 | Orc:2    | Bought a scroll of identify for 28 gold pieces
 25305 | Orc:2    | Bought a potion of might for 60 gold pieces
 26022 | D:12     | Gained Learuk as an ally
 26032 | D:12     | Reached skill level 13 in Invocations
 26117 | D:12     | Found a gate leading to a gauntlet.
 26128 | Gauntlet | Entered a Gauntlet
 26128 | Gauntlet | Found a transporter.
 26138 | Gauntlet | Found a transporter.
 26146 | Gauntlet | Found a transporter.
 26148 | Gauntlet | Found a transporter.
 26159 | Gauntlet | Found a transporter.
 26178 | Gauntlet | Found a transporter.
 26188 | Gauntlet | Found a transporter.
 26198 | Gauntlet | Found a transporter.
 26218 | Gauntlet | Found a transporter.
 26233 | Gauntlet | Found a transporter.
 26240 | Gauntlet | Found a transporter.
 26280 | Gauntlet | Found a transporter.
 26294 | Gauntlet | Found a transporter.
 26844 | Gauntlet | Found a transporter.
 27053 | Gauntlet | Identified the cursed +1 scimitar "Nitaaczuju" {freeze,
                  | rElec Str+2 Dex+2}
 27191 | Gauntlet | Got a translucent jade ring
 27192 | Gauntlet | Got a slimy dagger
 27194 | Gauntlet | Identified the ring "Xaexty" {*Slow MR+++ EV+5 Str+3
                  | Stlth+} (You found it in a Gauntlet)
 27204 | Gauntlet | Identified a scroll of acquirement
 27205 | Gauntlet | Got a smoking hat
 27216 | Gauntlet | Identified the +0 hat "Fablowud" {Regen+ Str+2 Slay+5} (You
                  | acquired it in a Gauntlet)
 27219 | Gauntlet | Identified the +2 dagger of Defilement {pierce, rPois} (You
                  | found it in a Gauntlet)
 28197 | D:13     | Noticed Nessos
 28204 | D:13     | Killed Nessos
 28217 | D:13     | Your ally Learuk died
 28227 | D:13     | Found a sacrificial altar of Ru.
 28306 | D:13     | Gained Ugrim as an ally
 28311 | D:13     | Gained Nordag as an ally
 28566 | D:13     | Got a polished great sword
 28705 | D:13     | Reached skill level 10 in Shields
 28757 | D:13     | Reached XP level 15. HP: 137/137 MP: 25/25
 29902 | D:14     | Reached skill level 14 in Invocations
 30193 | D:14     | Upgraded the game from 0.25-a0-258-g6d7e32a812 to
                  | 0.25-a0-263-g9d16a9d099
 30198 | D:14     | Gained Harm as an ally
 30254 | D:14     | Found a gate to the Vaults.
 30258 | D:14     | Gained Harm as an ally
 31008 | D:15     | Entered Level 15 of the Dungeon
 31487 | D:15     | Identified the +7 great sword of the Fool {speed, Stlth+}
                  | (You found it on level 13 of the Dungeon)
 31519 | D:15     | Gained Korbok as an ally
 32536 | D:15     | Found a staircase to the Depths.
 32824 | Swamp:1  | Entered Level 1 of the Swamp
 33121 | Swamp:1  | Reached XP level 16. HP: 140/147 MP: 27/27
 33396 | Swamp:1  | Noticed a thorn hunter
 33397 | Swamp:1  | Reached skill level 15 in Fighting
 33418 | Swamp:1  | Killed a thorn hunter
 33418 | Swamp:1  | Reached skill level 5 in Dodging
 33418 | Swamp:1  | Reached skill level 15 in Invocations
 33859 | Swamp:2  | Noticed a thorn hunter
 33867 | Swamp:2  | Killed a thorn hunter
 34565 | Swamp:3  | Gained Milork as an ally
 34688 | Swamp:3  | Identified Roxanne's Papyrus of Shape Shifting
 34688 | Swamp:3  | Noticed Roxanne
 34727 | Swamp:3  | Killed Roxanne
 34858 | Swamp:3  | Got a smoking platinum ring
 34860 | Swamp:3  | Identified the ring "Pobleack" {+Fly Str+2 Int+3} (You
                  | found it on level 3 of the Swamp)
 35367 | Swamp:4  | Entered Level 4 of the Swamp
 35473 | Swamp:4  | Your ally Milork died
 35534 | Swamp:4  | Noticed a thorn hunter
 35551 | Swamp:4  | Killed a thorn hunter
 35569 | Swamp:4  | Reached XP level 17. HP: 42/158 MP: 28/28
 35730 | Swamp:4  | Reached skill level 16 in Invocations
 35989 | Swamp:4  | Gained Borgun as an ally
 36512 | Swamp:4  | Noticed the 27-headed Lernaean hydra
 36522 | Swamp:4  | Killed the 26-headed Lernaean hydra
 36527 | Swamp:4  | Got a decaying rune of Zot
 37215 | Spider:1 | Entered Level 1 of the Spider Nest
 37469 | Spider:1 | Gained Geork as an ally
 37502 | Spider:1 | Reached skill level 15 in Armour
 37577 | Spider:1 | Noticed Frances
 37587 | Spider:1 | Killed Frances
 37898 | Spider:1 | Your ally Geork died
 37975 | Spider:1 | Found a runed translucent gate.
 37975 | Spider:1 | Found a runed translucent gate.
 37975 | Spider:1 | Found a runed translucent gate.
 37978 | Spider:1 | Noticed endorz's ghost (journeyman TrFi)
 38276 | Spider:2 | Gained Ugbert as an ally
 38325 | Spider:2 | Your ally Ugbert died
 38529 | Spider:2 | Reached skill level 17 in Invocations
 38623 | Spider:2 | Reached XP level 18. HP: 131/168 MP: 30/30
 38687 | Spider:2 | Gained Argrim as an ally
 40117 | Spider:4 | Entered Level 4 of the Spider Nest
 40125 | Spider:4 | Your ally Argrim died
 40129 | Spider:4 | Gained Grimold as an ally
 40131 | Spider:4 | Gained Dorog as an ally
 40144 | Spider:4 | Your ally Grimold died
 40767 | Spider:4 | Your ally Dorog died
 40982 | Spider:4 | Gained Wulfoc as an ally
 41054 | Spider:4 | Reached skill level 18 in Invocations
 41374 | Spider:4 | Noticed Arachne
 41390 | Spider:4 | Killed Arachne
 41552 | Spider:4 | Got a gossamer rune of Zot
 41605 | Spider:4 | Reached XP level 19. HP: 123/178 MP: 4/32
 42715 | Depths:1 | Entered Level 1 of the Depths
 43062 | Depths:1 | Found a gateway to Hell.
 43065 | Depths:1 | Reached skill level 15 in Shields
 43107 | Depths:1 | Found the +0 pair of fencer's gloves {Riposte Dex+3}
 43978 | Depths:1 | Reached skill level 19 in Invocations
 44269 | Depths:2 | Found the +10 morningstar "Eos" {elec, Halo rElec}
 44458 | Depths:2 | Gained Boldo as an ally
 44586 | Depths:2 | Noticed the Enchantress
 44593 | Depths:2 | Noticed a tentacled monstrosity
 44598 | Depths:2 | Your ally Korbok died
 44606 | Depths:2 | Killed a tentacled monstrosity
 44606 | Depths:2 | Reached XP level 20. HP: 99/189 MP: 33/33
 44607 | Depths:2 | Your ally Boldo died
 44613 | Depths:2 | Killed the Enchantress
 44958 | Depths:2 | Noticed Mara
 44959 | Depths:2 | Noticed RedPan's illusion
 44982 | Depths:2 | Killed Mara
 45200 | Depths:2 | Noticed a lich
 45206 | Depths:2 | Killed a lich
 45947 | Depths:3 | Your ally Ugrim died
 46725 | Depths:3 | Found a one-way gate to the infinite horrors of the Abyss.
 47049 | Depths:3 | Gained Nordag as an ally
 47147 | Depths:3 | Reached skill level 20 in Invocations
 47177 | Depths:3 | Gained Milork as an ally
 47978 | Depths:4 | Noticed Louise
 47994 | Depths:4 | Cast into level 2 of the Abyss (Louise)
 48068 | Depths:4 | Escaped the Abyss
 48072 | Depths:4 | Killed Louise
 48327 | Depths:4 | Found a large runed translucent door.
 48327 | Depths:4 | Found a large runed translucent door.
 48653 | Depths:4 | Found Qoimigai's Antique Weapon Shop.
 48990 | Depths:4 | Found a gateway to a ziggurat.
 49188 | Depths:4 | Reached XP level 21. HP: 180/199 MP: 35/35
 49858 | Depths:4 | Noticed a bone dragon
 49869 | Depths:4 | Killed a bone dragon
 50045 | Depths:4 | Your ally Milork died
 50793 | Depths:5 | Entered Level 5 of the Depths
 50793 | Depths:5 | Noticed a golden dragon
 50798 | Depths:5 | Noticed a caustic shrike
 50799 | Depths:5 | Noticed a caustic shrike
 50799 | Depths:5 | Killed a golden dragon
 50800 | Depths:5 | Noticed a caustic shrike
 50801 | Depths:5 | Noticed a caustic shrike
 50804 | Depths:5 | Killed a caustic shrike
 50807 | Depths:5 | Killed a caustic shrike
 50808 | Depths:5 | Your ally Orgrim died
 50809 | Depths:5 | Killed a caustic shrike
 50810 | Depths:5 | Your ally Morbeogh died
 51072 | Vaults:1 | Entered Level 1 of the Vaults
 51537 | Vaults:1 | Gained Agrik as an ally
 51545 | Vaults:1 | Reached skill level 21 in Invocations
 52296 | Vaults:1 | Noticed Asterion
 52307 | Vaults:1 | Killed Asterion
 52325 | Vaults:1 | Gained Bogward as an ally
 52536 | Vaults:1 | Your ally Agrik died
 52693 | Vaults:1 | Your ally Bogward died
 53439 | Vaults:1 | Reached XP level 22. HP: 191/211 MP: 36/36
 55157 | Vaults:2 | Noticed Boris
 55176 | Vaults:2 | Killed Boris
 56306 | Vaults:3 | Gained Olfik as an ally
 56634 | Vaults:3 | Reached skill level 22 in Invocations
 56858 | Vaults:3 | Your ally Olfik died
 56860 | Vaults:3 | Your ally Ognian died
 57296 | Vaults:3 | Found a staircase to the Crypt.
 59041 | Vaults:4 | Identified Sif Muna's Almanac of Snow and Envenoming
 59118 | Vaults:4 | Identified the amulet "Quzainn" {Acrobat Fragile rPois
                  | Dex+3 SInv}
 59218 | Vaults:4 | Noticed Frederick
 59226 | Vaults:4 | Killed Frederick
 59804 | Vaults:4 | Noticed Rupert
 59804 | Vaults:4 | Noticed Agnes
 59812 | Vaults:4 | Killed Rupert
 59812 | Vaults:4 | Reached XP level 23. HP: 221/221 MP: 38/38
 59815 | Vaults:4 | Killed Agnes
 59881 | Vaults:4 | Found a gateway to a bazaar.
 59889 | Vaults:4 | Gained Orgrim as an ally
 59938 | Bazaar   | Entered a bazaar
 59938 | Bazaar   | Found Dydad's Weapon Emporium.
 59941 | Bazaar   | Found Jaoted's Magic Scroll Shoppe.
 59951 | Bazaar   | Bought a scroll of teleportation for 27 gold pieces
 59951 | Bazaar   | Bought a scroll of identify for 18 gold pieces
 59951 | Bazaar   | Bought a scroll of identify for 18 gold pieces
 59951 | Bazaar   | Bought a scroll of teleportation for 27 gold pieces
 59963 | Bazaar   | Found Kaat's Antique Weapon Shop.
 59970 | Bazaar   | Bought a dazzling war axe for 161 gold pieces
 59970 | Bazaar   | Identified the +3 war axe of Laceration {pain, MP+9 Str-5
                  | Dex+5 SInv} (You bought it in a shop in a bazaar)
 59979 | Bazaar   | Found Boixzoet's Armour Shoppe.
 59985 | Bazaar   | Found Vyeguhaw's Jewellery Shop.
 59993 | Bazaar   | Bought an uncursed ring of protection from fire for 275
                  | gold pieces
 59993 | Bazaar   | Bought the amulet "Elixzoru" {*Contam +Rage +Fly rPois
                  | SInv} for 570 gold pieces
 59993 | Bazaar   | Bought the ring "Qut Jyu" {rF+ Str+2 Int+7} for 559 gold
                  | pieces
 59993 | Bazaar   | Bought a cursed ring of teleportation for 49 gold pieces
 60374 | Vaults:4 | Gained Bolgrim as an ally
 60725 | Vaults:5 | Entered Level 5 of the Vaults
 60725 | Vaults:5 | Noticed a golden dragon
 60735 | Vaults:4 | Gained Bogward as an ally
 60943 | Vaults:4 | Killed a golden dragon
 61711 | Vaults:5 | Noticed a golden dragon
 61878 | Vaults:4 | Killed a golden dragon
 61903 | Vaults:5 | Noticed a golden dragon
 62029 | Vaults:4 | Killed a golden dragon
 62357 | Vaults:5 | Reached skill level 23 in Invocations
 62361 | Vaults:5 | Noticed a golden dragon
 62361 | Vaults:5 | Your ally Orgrim died
 62392 | Vaults:5 | Identified the +0 buckler of Heth {+Fly rN+ MR- Int+7}
 62392 | Vaults:5 | Your ally Harm died
 62612 | Vaults:4 | Killed a golden dragon
 62633 | Vaults:5 | Identified the ring "Lybruf" {MR+ Stlth-}
 63036 | Vaults:5 | Identified the Compendium of Unstable Attacks
 63118 | Vaults:5 | Got a pitted crystal plate armour
 63132 | Vaults:5 | Identified the +1 crystal plate armour "Vim Risioxt" {rF+
                  | Slay+2 SInv} (You acquired it on level 5 of the Vaults)
 63173 | Vaults:5 | Found the ring of the Octopus King
 63182 | Vaults:5 | Got a ring of the Octopus King
 63207 | Vaults:5 | Identified a ring of the Octopus King {rC+ AC+1 EV+1 Str+1
                  | Int+1 Dex+1} (You found it on level 5 of the Vaults)
 63321 | Vaults:5 | Got a silver rune of Zot
 63413 | Vaults:5 | Reached XP level 24. HP: 224/232 MP: 38/38
 63419 | Vaults:5 | Gained Dorog as an ally
 63493 | Vaults:5 | Noticed an ancient lich
 63499 | Vaults:5 | Killed an ancient lich
 64900 | Depths:5 | Your ally Dorog died
 64913 | Depths:5 | Noticed a juggernaut
 64927 | Depths:5 | Killed a juggernaut
 64927 | Depths:5 | Noticed Jory
 64936 | Depths:5 | Your ally Bolgrim died
 64937 | Depths:5 | Your ally Harm died
 64947 | Depths:5 | Killed Jory
 65043 | Depths:5 | Killed a caustic shrike
 65466 | Depths:5 | Found Hnlauto's Humungous Hoard.
 65824 | Depths:5 | Found a gate to the Realm of Zot.
 66253 | Zot:1    | Entered Level 1 of the Realm of Zot
 66761 | Depths:5 | Reached skill level 24 in Invocations
 67879 | Zot:1    | Noticed a curse toe
 67879 | Zot:1    | Your ally Borgun died
 67883 | Zot:1    | Killed a curse toe
 68125 | Zot:1    | Reached XP level 25. HP: 243/243 MP: 39/39
 68270 | Zot:1    | Your ally Bogbrand died
 69641 | Zot:2    | Your ally Olfik died
 70914 | Zot:3    | Noticed an orb of fire
 70919 | Zot:3    | Killed an orb of fire
 71251 | Zot:3    | Reached skill level 25 in Invocations
 71492 | Zot:3    | Found a runed translucent door.
 71493 | Zot:3    | Noticed Apoo's ghost (legendary DsEn)
 72301 | Zot:4    | Reached XP level 26. HP: 253/253 MP: 39/39
 72361 | Zot:4    | Identified Pigo Ese's Catalogue of Changing
 72678 | Zot:4    | Noticed a shard shrike
 72685 | Zot:4    | Found a transporter.
 72883 | Zot:4    | Found a transporter.
 72888 | Zot:4    | Noticed a shard shrike
 73080 | Zot:4    | Noticed Fuumyal's ghost (legendary DsEn)
 73212 | Zot:5    | Entered Level 5 of the Realm of Zot
 73956 | Zot:5    | Noticed an ancient lich
 74048 | Zot:4    | Paralysed by an ancient lich for 7 turns
 74048 | Zot:4    | Killed an ancient lich
 74094 | Zot:5    | Noticed an orb of fire
 74097 | Zot:5    | Gained mutation: Your body sometimes deteriorates upon
                  | taking damage. [an orb of fire]
 74099 | Zot:5    | Killed an orb of fire
 74100 | Zot:5    | Noticed an orb of fire
 74423 | Zot:5    | Gained mutation: You are frail. (-10% HP) [an orb of fire]
 74424 | Zot:5    | Gained mutation: Armour fits poorly on your strangely
                  | shaped body. [an orb of fire]
 74430 | Zot:5    | Killed an orb of fire
 74557 | Zot:4    | Lost mutation: Armour fits poorly on your strangely shaped
                  | body. [potion of mutation]
 74557 | Zot:4    | Lost mutation: Your body sometimes deteriorates upon taking
                  | damage. [potion of mutation]
 74557 | Zot:4    | Gained mutation: You expend magic power (3 MP) to
                  | strengthen your wands. [potion of mutation]
 74557 | Zot:4    | Gained mutation: Your body sometimes deteriorates upon
                  | taking damage. [potion of mutation]
 74557 | Zot:4    | Gained mutation: You evolve. [potion of mutation]
 74579 | Zot:5    | Noticed a Killer Klown
 74580 | Zot:5    | Noticed an orb of fire
 74581 | Zot:5    | Noticed an orb of fire
 74582 | Zot:5    | Killed an orb of fire
 74583 | Zot:5    | Your ally Rocco died
 74583 | Zot:5    | Noticed an ancient lich
 74587 | Zot:5    | Killed an orb of fire
 74607 | Zot:5    | Your ally Bogward died
 74618 | Zot:5    | Your ally Bogward died
 74621 | Zot:5    | Reached skill level 26 in Invocations
 74827 | Zot:5    | Killed an ancient lich
 74827 | Zot:5    | Reached XP level 27. HP: 111/237 MP: 40/40
 74843 | Zot:5    | Got a pair of fine gloves
 74854 | Zot:5    | Identified the -2 pair of gloves of Qidwemid {+Inv rElec
                  | rN+} (You acquired it on level 5 of the Realm of Zot)
 75092 | Zot:5    | Noticed an orb of fire
 75095 | Zot:5    | Your ally Wulfoc died
 75097 | Zot:5    | Killed an orb of fire
 75385 | Zot:5    | Noticed an orb of fire
 75387 | Zot:5    | Gained mutation: Your body often deteriorates upon taking
                  | damage. [an orb of fire]
 75390 | Zot:5    | Gained mutation: You have supernaturally acute eyesight.
                  | (SInv) [an orb of fire]
 75392 | Zot:5    | Killed an orb of fire
 75395 | Zot:5    | Noticed an ancient lich
 75402 | Zot:5    | Noticed an orb of fire
 75409 | Zot:5    | Noticed an orb of fire
 75414 | Zot:5    | Killed an ancient lich
 75422 | Zot:5    | Killed an orb of fire
 75431 | Zot:5    | Your ally Nordag died
 75434 | Zot:5    | Killed an orb of fire
 75458 | Zot:5    | Your ally Bolgrim died
 75918 | Zot:5    | Cast into level 5 of the Abyss (the power of Zot)
 75918 | Abyss:5  | Entered Level 5 of the Abyss
 76133 | Abyss:5  | Paralysed by you for 6 turns
 76244 | Zot:5    | Escaped the Abyss
 76398 | Zot:5    | Lost mutation: You are frail. (-10% HP) [potion of
                  | mutation]
 76398 | Zot:5    | Lost mutation: You expend magic power (3 MP) to strengthen
                  | your wands. [potion of mutation]
 76398 | Zot:5    | Gained mutation: You have a pair of small horns on your
                  | head. [potion of mutation]
 76398 | Zot:5    | Gained mutation: You are weak. (Str -2) [potion of
                  | mutation]
 76398 | Zot:5    | Gained mutation: You are resistant to hostile enchantments.
                  | (MR+) [potion of mutation]
 76399 | Zot:5    | Got the Orb of Zot
 76448 | Zot:5    | Your ally Nordag died
 76448 | Zot:5    | Killed Plog the pandemonium lord
 76467 | Zot:4    | Gained Garbold as an ally
 76562 | Depths:5 | Noticed Nuwkes the pandemonium lord
 76575 | Depths:5 | Killed Nuwkes the pandemonium lord
 76722 | Depths:1 | Noticed a seraph
 76850 | Depths:1 | Your ally Garbold died
 76906 | Depths:1 | Killed a seraph
 77010 | Depths:1 | Noticed Zuxecie the pandemonium lord
 77030 | Depths:1 | Killed Zuxecie the pandemonium lord
 77030 | Depths:1 | Reached skill level 27 in Invocations
 77628 | D:6      | Your ally Wulfoc died
 77699 | D:2      | Lost mutation: Your body often deteriorates upon taking
                  | damage. [evolution]
 77783 | D:$      | Escaped with the Orb!

Levels and vault maps discovered:
D:1:      matt_arrival_refuge, layout_basic, chequers_arboretum,
          kennysheep_small_spiral, roderic_roman_lattice
D:2:      layout_basic, first_ration
D:3:      layout_basic, ebering_ghost_sewer_d, minmay_misc_feat_five, uniq_ijyb,
          uniq_sigmund
D:4:      layout_gridville, kennysheep_mini_moat, serial_shops, shop,
          nicolae_dithmenos_the_darkroom
D:5:      layout_rooms, minmay_temple_entry_antechambers,
          nicolae_ossuary_entry_ruins, bloody_trog
D:6:      layout_rooms, lemuel_round_altar, serial_bayou, serial_bayou_pond_d,
          serial_bayou_shore_a, serial_bayou_pond_c, serial_bayou_lake_a,
          uniq_pikel
D:7:      layout_rooms
D:8:      minmay_the_grid_octo_tiled_octocenter
          [minmay_the_grid_octo_tetromino_candy,
          minmay_the_grid_octo_vomiting_pacman, minmay_the_grid_octo_focus,
          minmay_the_grid_octo_fan_narrow,
          minmay_the_grid_octo_prize_square_snowflake,
          minmay_the_grid_square_5x5_two,
          minmay_the_grid_square_5x5_inverted_slash,
          minmay_the_grid_square_5x5_doubleslash,
          minmay_the_grid_square_5x5_almost_minimal], layout_basic,
          serial_shops, nicolae_shop_overgrown_old_shop, tso_metal_star
D:9:      layout_basic, chequers_temple_overflow_statue_of_worship,
          nicolae_overflow_hidden_temple, orc_david_3, introduction_to_nature_2
D:10:     layout_basic, grunt_lair_entry_orc_guard_hut
D:11:     minmay_cornered_nines, layout_basic, nicolae_trove_entry_columns,
          basic_altar
D:12:     layout_small_grid, gauntlet_entry_generic, blue_anna_alchemist
          [blue_anna_fruit_fields, blue_anna_fruit_fields],
          minmay_misc_feat_rugged
D:13:     kennysheep_six_static_rooms, layout_long_grid,
          nicolae_ru_sacrificial_ziggurat, uniq_nessos
D:14:     layout_basic, grunt_vaults_entry_tiered, grunt_decor_one_mirror
D:15:     grunt_enter_depths_hoard, layout_gridville, moated_statue
Lair:1:   layout_regular_city, mumra_transporter_accident, lemuel_fruit_fields
Lair:2:   layout_cave_pods
Lair:3:   layout_regular_city, eino_small_chamber_without_monster
Lair:4:   layout_roguey, palyth_hydra_swamp_entry, spider_nest_entry_funnel_web,
          pf_torpor_hydra
Lair:5:   layout_cave_pods, lemuel_fruit_tree, minmay_lair_oklob_chamber,
          grunt_megastairs_1, infiniplex_staircase_pool
Lair:6:   minmay_lair_end_enchanted_forest, layout_regular_city, slime_altar_1,
          nicolae_lair_yak_garden, serial_bayou_shore_b
Swamp:1:  layout_basic_swamp, serial_swamp_ruin, evilmike_swamp_ruin_house_6,
          hangedman_swamp_ruin_hall
Swamp:2:  layout_basic_swamp, evilmike_swamp_ruin_house_2,
          infiniplex_staircase_pool_2
Swamp:3:  layout_basic_swamp, evilmike_swamp_ruin_house_1, swamp_pool1,
          uniq_roxanne
Swamp:4:  grunt_swamp_rune_castle, layout_basic_swamp, hangedman_swamp_cone,
          swamp_pool1
Spider:1: layout_spider_delve, gammafunk_ghost_tricky_traps, drop_trap,
          uniq_frances
Spider:2: spider_temple_joshua, hangedman_stitches_earthworm
Spider:3: layout_spider_delve
Spider:4: johnstein_spider_rune_arachne_lair, drop_trap, guppyfry_spider_mini_2
Orc:1:    layout_caves
Orc:2:    pf_orc_diabolical, layout_caves, serial_shops, shop
Vaults:1: grunt_vaults_diagonal, nicolae_vaults_little_ls,
          ontoclasm_vaults_claustrophobia, nicolae_vaults_twisting_passages,
          nicolae_vaults_network_star, v_misc_19, nicolae_vaults_angled_halls,
          grunt_vaults_trifunnel, nicolae_vaults_border_crossing,
          vaults_standard_mumra_lines, v_misc_8, v_misc_3,
          nicolae_vaults_angled_halls, layout_vaults_omnibox, uniq_asterion
Vaults:2: ontoclasm_vaults_shuriken, nicolae_vaults_mini_display_case,
          vaults_room_fancy_cross, nicolae_vaults_little_squares_3,
          hangedman_vaults_stream, vaults_room_grunt_arrival_ludios,
          nicolae_vaults_rhombus_7, hangedman_vaults_corner_blocks,
          nicolae_vaults_bisected_exclaves, vaults_mumra_chevron,
          grunt_vaults_focal, vaults_dpeg_hooks, ontoclasm_vaults_eye,
          layout_vaults_chaotic_city, uniq_boris
Vaults:3: ontoclasm_vaults_bender, ontoclasm_vaults_misaligned, v_misc_33,
          v_pattern_4, vaults_room_pools, vaults_room_pool,
          nicolae_vaults_ninety_degrees, layout_vaults_quadrants,
          minmay_crypt_entry_simple_walls
Vaults:4: nicolae_vaults_windows_and_doors_thing, v_rooms_2, v_misc_10,
          v_misc_2, nicolae_vaults_shelves_hall, vaults_room_grid,
          ontoclasm_vaults_fault, nicolae_vaults_yaktaur_gun_rack,
          hangedman_vaults_restitches, nicolae_vaults_shelves_hall,
          v_alt_pattern_3, serial_ice_b, nicolae_vaults_little_squares_1,
          ontoclasm_vaults_ring_small, sword_in_stone, vaults_dpeg_ring,
          layout_vaults_omnicross, serial_shops, statue_bzr
Vaults:5: serial_shops
Depths:1: layout_gridville, hell_entry, hangedman_abyss_or_decor_stabs,
          serial_shops, freezing_bzr, minmay_misc_feat_tower, st_stairs_5,
          columned_hall_lemuel, minivault_14, lightli_fourway_metalbox,
          grunt_megastairs_2
Depths:2: abrahamwl_protected_by_tso_1, layout_long_grid, hell_entry, pan_entry,
          uniq_enchantress, uniq_mara
Depths:3: kennysheep_spiral_hall, layout_basic, nicolae_twisting_strands,
          abyss_entry, pan_entry, grunt_mini_vestibule, minmay_misc_feat_x,
          ice2_lemuel
Depths:4: lightli_eight_chambers, layout_gridlike, enter_ziggurat_b,
          nicolae_abyss_entry_one_way_or_another, grunt_hell_entry_dis_grunt,
          serial_shops, nicolae_shop_behind_doors,
          infiniplex_staircase_split_hallway
Depths:5: grunt_zot_entry_hairpin, layout_cave_pools, serial_bayou_pond_e,
          pan_entry, pf_coc_iceberg, nicolae_alphabet_shops, skrybe_limestone_x,
          uniq_jory
Zot:1:    layout_basic
Zot:2:    layout_twisted_circle
Zot:3:    layout_basic, ebering_ghost_inner_flame
Zot:4:    layout_basic, gammafunk_ghost_berserking_beasts
Zot:5:    layout_gridlike

Skill      XL: |  1  2  3  4  5  6  7  8  9 10 11 12 13 14 15 16 17 18 19 20 21 22 23 24 25 26 27 |
---------------+----------------------------------------------------------------------------------+-----
Armour         | 1 2 3 4 5 6 8 9 10 11 12 13 14 15 16 17 18 19 20 21 22 23 | 23.9
Fighting       | 4 5 6 7 8 9 10 11 12 13 14 15 16 17 18 19 20 21 22 23 24 25 | 25.7
Axes           | 5 7 9 10 12 13 15 16 18 | 18.0
Invocations    | 4 6 8 9 10 12 13 14 15 17 18 19 20 21 22 23 24 25 26 27 | 27.0
Shields        | 1 4 6 7 10 11 12 13 14 15 16 17 18 19 20 21 22 23 | 23.1
Dodging        | 4 6 7 8 |  8.0
Stealth        | |  1.5

Action                   |  1- 3 |  4- 6 |  7- 9 | 10-12 | 13-15 | 16-18 | 19-21 | 22-24 | 25-27 || total
-------------------------+-------+-------+-------+-------+-------+-------+-------+-------+-------++-------
Melee: Hand axe          |   112 |    79 |       |   534 |   333 |       |       |       |       ||  1058
       War axe           |       |    85 |   396 |    29 |       |       |       |       |       ||   510
       Broad axe         |       |       |       |       |   492 |  1076 |   894 |   805 |   893 ||  4160
       Headbutt          |       |       |       |       |       |       |       |       |    22 ||    22
Invok: Smiting           |       |       |     7 |     4 |    16 |     5 |     9 |    13 |    22 ||    76
       Convert to Beogh  |       |       |     1 |       |       |       |       |       |       ||     1
       Recall Orcish Fol |       |       |       |     2 |     2 |       |     7 |    10 |    17 ||    38
       Give Item to Name |       |       |       |     1 |     3 |       |       |     4 |     1 ||     9
       Resurrection      |       |       |       |       |       |       |     1 |     1 |     1 ||     3
Evoke: Wand              |       |       |       |     1 |     2 |       |       |       |       ||     3
  Use: Scroll            |     2 |     7 |    10 |     5 |    13 |     3 |    12 |    19 |    14 ||    85
       Potion            |       |       |     3 |     1 |    11 |     5 |     6 |     7 |    14 ||    47
 Stab: Distracted        |       |       |     2 |     3 |     3 |     8 |    13 |    14 |     9 ||    52
       Confused          |       |       |       |       |     1 |     2 |       |       |       ||     3
       Invisible         |       |       |       |       |       |     1 |       |       |       ||     1
       Paralysed         |       |       |       |       |       |     1 |       |       |       ||     1
       Sleeping          |       |       |       |       |       |       |       |       |     1 ||     1
  Eat: Chunk             |     2 |     5 |     6 |    24 |    30 |    17 |    24 |    31 |     5 ||   144
       Ration            |       |       |     3 |     3 |     5 |     3 |     4 |     5 |     9 ||    32
Armor: Ring mail         |    33 |    55 |     7 |       |       |       |       |       |       ||    95
       Chain mail        |       |       |   219 |    69 |       |       |       |       |       ||   288
       Plate armour      |       |       |       |   182 |   359 |       |       |       |       ||   541
       Ice dragon scales |       |       |       |       |    39 |   736 |   249 |    52 |       ||  1076
       Fire dragon scale |       |       |       |       |       |       |    60 |    74 |       ||   134
       Gold dragon scale |       |       |       |       |       |       |       |   192 |   335 ||   527
Dodge: Dodged            |    65 |    86 |   159 |   118 |   170 |   511 |   253 |   200 |   162 ||  1724
Block: Buckler           |       |       |       |    57 |   103 |       |       |       |       ||   160
       Shield            |       |       |       |       |   164 |   799 |   359 |       |       ||  1322
       Large shield      |       |       |       |       |       |       |   239 |   991 |   854 ||  2084

Table legend:
 A = Non-vault XP
 B = Vault XP
 C = Vault XP percentage of total XP
 D = Non-vault monster count
 E = Vault monster count
 F = Vault count percentage of total count
                 A         B        C        D         E       F
            +---------+---------+-------+---------+---------+-------
      Total |  806048 |  564981 |  41.2 |    1549 |     738 |  32.3
            +---------+---------+-------+---------+---------+-------
        D:1 |      55 |       0 |   0.0 |      25 |       0 |   0.0
        D:2 |      79 |       0 |   0.0 |      18 |       0 |   0.0
        D:3 |     144 |     480 |  76.9 |      31 |       6 |  16.2
        D:4 |     439 |       0 |   0.0 |      21 |       0 |   0.0
        D:5 |     333 |       0 |   0.0 |       8 |       0 |   0.0
        D:6 |     618 |     663 |  51.8 |      22 |       1 |   4.3
        D:7 |     836 |       0 |   0.0 |      24 |       0 |   0.0
        D:8 |     824 |    2753 |  77.0 |      13 |      26 |  66.7
        D:9 |    1824 |     333 |  15.4 |      10 |      16 |  61.5
       D:10 |    2346 |     425 |  15.3 |      27 |       4 |  12.9
       D:11 |    4209 |     871 |  17.1 |      31 |       3 |   8.8
       D:12 |    4286 |      97 |   2.2 |      31 |       1 |   3.1
       D:13 |    8325 |    2461 |  22.8 |      35 |       7 |  16.7
       D:14 |   10916 |    5221 |  32.4 |      33 |      24 |  42.1
       D:15 |   14309 |    1356 |   8.7 |      44 |       2 |   4.3
     Lair:1 |    3175 |       0 |   0.0 |      24 |       0 |   0.0
     Lair:2 |    1530 |       0 |   0.0 |       8 |       0 |   0.0
     Lair:3 |    2262 |       0 |   0.0 |      20 |       0 |   0.0
     Lair:4 |    8867 |    3224 |  26.7 |      25 |      10 |  28.6
     Lair:5 |    3911 |    3198 |  45.0 |      19 |      16 |  45.7
     Lair:6 |   11685 |    8017 |  40.7 |      51 |      45 |  46.9
    Swamp:1 |   15741 |       0 |   0.0 |      36 |       0 |   0.0
    Swamp:2 |   13640 |       0 |   0.0 |      35 |       0 |   0.0
    Swamp:3 |   15897 |    1463 |   8.4 |      42 |       1 |   2.3
    Swamp:4 |   15192 |   20990 |  58.0 |      34 |      33 |  49.3
   Spider:1 |   17516 |    2016 |  10.3 |      62 |       1 |   1.6
   Spider:2 |   12889 |   18987 |  59.6 |      31 |      42 |  57.5
   Spider:3 |   13426 |       0 |   0.0 |      36 |       0 |   0.0
   Spider:4 |   20617 |   33376 |  61.8 |      62 |      66 |  51.6
      Orc:1 |     593 |       0 |   0.0 |      13 |       0 |   0.0
      Orc:2 |    2795 |    8704 |  75.7 |      12 |      27 |  69.2
   Vaults:1 |   29603 |   30178 |  50.5 |      54 |      40 |  42.6
   Vaults:2 |   18078 |   18135 |  50.1 |      31 |      20 |  39.2
   Vaults:3 |   32149 |   12330 |  27.7 |      54 |      20 |  27.0
   Vaults:4 |   19650 |   65926 |  77.0 |      36 |      78 |  68.4
   Vaults:5 |   17245 |   66490 |  79.4 |      21 |      55 |  72.4
   Depths:1 |   38594 |    7027 |  15.4 |      59 |       9 |  13.2
   Depths:2 |   36566 |   20420 |  35.8 |      41 |      11 |  21.2
   Depths:3 |   24763 |    9851 |  28.5 |      34 |      19 |  35.8
   Depths:4 |   35022 |   29441 |  45.7 |      50 |      40 |  44.4
   Depths:5 |   65451 |   22825 |  25.9 |      66 |      16 |  19.5
      Zot:1 |   70026 |       0 |   0.0 |      53 |       0 |   0.0
      Zot:2 |   53683 |       0 |   0.0 |      41 |       0 |   0.0
      Zot:3 |   49173 |       0 |   0.0 |      31 |       0 |   0.0
      Zot:4 |   34325 |   15466 |  31.1 |      27 |       7 |  20.6
      Zot:5 |   59870 |  137438 |  69.7 |      42 |      34 |  44.7
    Abyss:2 |      47 |       0 |   0.0 |       1 |       0 |   0.0
    Abyss:5 |   12006 |   10980 |  47.8 |      23 |      11 |  32.4
    Ossuary |       0 |     279 | 100.0 |       0 |      38 | 100.0
   Gauntlet |     518 |    3560 |  87.3 |       2 |       9 |  81.8
            +---------+---------+-------+---------+---------+-------
